 Dungeon Crawl Stone Soup version 0.20.1-1-g8b1a95d (webtiles) character file.

137 Lanoc the Skirmisher (level 5, -2/37 HPs)
             Began as an Octopode Chaos Knight on Dec 2, 2017.
             Slain by othur's ghost (7 damage)
             ... on level 3 of the Dungeon.
             The game lasted 00:07:44 (1764 turns).

Lanoc the Skirmisher (Octopode Chaos Knight)        Turns: 1764, Time: 00:07:44

Health: -2/37      AC:  1    Str: 10 (13) XL:     5   Next: 20%
Magic:  5/5        EV: 13    Int: 10 (12) God:    Xom [....*.]
Gold:   138        SH:  0    Dex:  6 (9)  Spells: 4/4 levels left

rFire    + . .     SeeInvis .   a - +0 hand axe (chaos)
rCold    + . .     Gourm    .   (no shield)
rNeg     . . .     Faith    .   (helmet restricted)
rPois    +         Spirit   .   (no amulet)
rElec    +         Reflect  .   (no ring)
rCorr    +         Harm     .   (no ring)
MR       .....                  (no ring)
Stlth    ++........             (no ring)
Regen    0.2/turn               (no ring)
MPRegen  0.1/turn               (no ring)
                                (no ring)
                                (no ring)

@: resistant, flying, hasted, very quick
A: almost no armour, stealthy swim, amphibious, 8 rings, constrict 8, camouflage
1, clumsy 1, dopey 1, gelatinous body 1
a: Renounce Religion


You were on level 3 of the Dungeon.
You worshipped Xom.
You were a beloved toy of Xom.
You were hungry.

You visited 1 branch of the dungeon, and saw 3 of its levels.

You collected 138 gold pieces.

Inventory:

Hand Weapons
 a - a +0 hand axe of chaos (weapon)
Missiles
 n - 8 tomahawks (quivered)
Scrolls
 f - a scroll of teleportation
 k - 2 scrolls of identify
 o - a scroll of remove curse
Comestibles
 b - a bread ration
 i - a royal jelly


   Skills:
 + Level 4.1 Fighting
 + Level 4.0 Axes
 + Level 3.7 Dodging


You had 4 spell levels left.
You didn't know any spells.

Dungeon Overview and Level Annotations

Branches:
Dungeon (3/15)

Altars:
Gozag
Nemelex Xobeh

Annotations:
D:3 othur's ghost, amateur GrBe


Innate Abilities, Weirdness & Mutations

You cannot wear most types of armour.
You are very stealthy in the water. (Stealth+)
You are amphibious.
You can wear up to eight rings at the same time.
You can use your tentacles to constrict eight enemies at once.
Your skin changes colour to match your surroundings (Stealth+).
Your rubbery body absorbs attacks. (AC +1, EV +1)
You are clumsy. (Dex -2)
You are dopey. (Int -2)


Message History

You closely miss othur's ghost.
Othur's ghost is lightly damaged.
Othur's ghost closely misses you. x2
You closely miss othur's ghost. Your squeeze misses othur's ghost.
Othur's ghost is lightly damaged.
Othur's ghost barely misses you.
You hit othur's ghost but do no damage. Your squeeze misses othur's ghost.
Othur's ghost is lightly damaged.
Othur's ghost hits you.
* * * LOW HITPOINT WARNING * * *
You aren't carrying any potions.
You closely miss othur's ghost.
You squeeze othur's ghost, but do no damage.
Othur's ghost is lightly damaged.
Othur's ghost closely misses you.
You closely miss othur's ghost. Your squeeze misses othur's ghost.
Othur's ghost is lightly damaged.
Othur's ghost hits you!
You die...
Xom roars with laughter!

........#.#.##...#.#.# #.#
..........#.##.#.#.#.######
#.#
###########.##.#..........#
#.#
#..........##.###.#.####.#
#.# #.#######.....#...#.#
#.# #.# #.# #.#####.###.#
#.# #.# #.# #.# #.# #.# #.#
#.# #.# #.# #.# #.#
#.####.# ##.# #.# #@# #.#
#....#.# ...# #.# #W#
#.#######.#.# #### #.# #.#
.......<..# ..
#.###############
#...............#
###############.# #.# #.#
#.#


You could see othur's ghost.

Vanquished Creatures
  A scorpion (D:3)
  4 adders
  2 worms (D:2)
  A leopard gecko (D:2)
  An orc (D:3)
  A ball python (D:3)
  3 bats
  2 giant cockroaches
  5 goblins
  5 hobgoblins
  2 jackals (D:1)
  A quokka (D:2)
  2 frilled lizards
  6 kobolds
  4 rats
40 creatures vanquished.

Vanquished Creatures (collateral kills)
  An adder (D:2)
  An ooze (D:2)
2 creatures vanquished.

Grand Total: 42 creatures vanquished

Notes
Turn   | Place    | Note
-------+----------+-------------------------------------------
     0 | D:1      | Lanoc the Octopode Chaos Knight began the quest for the Orb.
     0 | D:1      | Reached XP level 1. HP: 16/16 MP: 1/1
    99 | D:1      | Reached XP level 2. HP: 19/21 MP: 2/2
   508 | D:1      | XOM: silly message
   547 | D:2      | Reached XP level 3. HP: 15/26 MP: 3/3
   572 | D:2      | Found a sparkling altar of Nemelex Xobeh.
   653 | D:2      | XOM: harmless Tmut miscast
   847 | D:2      | Reached XP level 4. HP: 28/33 MP: 4/4
   935 | D:2      | XOM: summons 4 hostile shadow creatures
  1122 | D:2      | Found an opulent altar of Gozag.
  1337 | D:3      | XOM: cloud trail
  1354 | D:3      | Reached XP level 5. HP: 13/37 MP: 5/5
  1359 | D:3      | XOM is BORED!
  1359 | D:3      | XOM: give mutations
  1359 | D:3      | Gained mutation: You are frail. (-10% HP) [Xom's mischief]
  1359 | D:3      | Gained mutation: You are dopey. (Int -2) [Xom's mischief]
  1359 | D:3      | Gained mutation: You are clumsy. (Dex -2) [Xom's mischief]
  1359 | D:3      | Lost mutation: You are frail. (-10% HP) [Xom's mischief]
  1697 | D:3      | Noticed othur's ghost (amateur GrBe)
  1701 | D:3      | XOM: fog
  1764 | D:3      | Slain by othur's ghost

Skill      XL: |  1  2  3  4 |
---------------+-------------+-----
Dodging        | 3 |  3.7
Fighting       | 4 |  4.1
Axes           | 4 |  4.0

Action                   |  1- 3 |  4- 6 || total
-------------------------+-------+-------++-------
Melee: Hand axe          |    55 |    47 ||   102
       Constrict         |     9 |    10 ||    19
       Tentacles         |     5 |    10 ||    15
  Use: Scroll            |       |     7 ||     7
       Potion            |       |     5 ||     5
 Stab: Sleeping          |     1 |     2 ||     3
       Paralysed         |     1 |       ||     1
  Eat: Chunk             |       |     2 ||     2
Armor: Skin              |     5 |     3 ||     8
Dodge: Dodged            |    40 |    28 ||    68
